 Dungeon Crawl Stone Soup version 0.16.0-17-g811c1d7 (webtiles) character file.

15311 Sorcv the Unseen (level 12, -2/59 HPs)
             Began as a Kobold Enchanter on Mar 20, 2015.
             Was an Elder of Ashenzari.
             Slain by a blink frog (18 damage)
             ... on level 4 of the Lair of Beasts.
             The game lasted 00:43:57 (6993 turns).

Sorcv the Unseen (Kobold Enchanter)                 Turns: 6993, Time: 00:43:58

Health: -2/59      AC:  9    Str:  7    XL:     12   Next: 56%
Magic:  25/25      EV: 28    Int: 13    God:    Ashenzari [****..]
Gold:   581        SH:  0    Dex: 21    Spells: 5 memorised, 0 levels left

rFire  + . .     SeeInvis +     q - +2 short sword (venom) (curse)
rCold  + . .     Clarity  +     b - +1 robe (curse)
rNeg   . . .     SustAb   .     (no shield)
rPois  +         Gourm    .     l - +0 helmet (curse)
rElec  .         Spirit   .     r - +2 cloak {rPois}
rCorr  .         Warding  .     I - +0 pair of gloves (curse)
rMut   .         Stasis   .     z - +0 pair of boots (curse)
MR     .....                    e - amulet of regeneration (curse)
Stlth  +++++++++.               a - ring of protection from fire
                                y - ring of protection from cold (curse)

@: not resistant to hostile enchantments, incredibly stealthy
A: carnivore 3
a: Scrying, Renounce Religion


You were on level 4 of the Lair of Beasts.
You worshipped Ashenzari.
Ashenzari was greatly pleased with you.
You were not hungry.

You visited 3 branches of the dungeon, and saw 14 of its levels.

You collected 818 gold pieces.
You spent 237 gold pieces at shops.

Inventory:

Hand weapons
 q - a cursed +2 short sword of venom (weapon)
Armour
 b - a cursed +1 robe (worn)
 l - a cursed +0 helmet (worn)
 r - a +2 cloak of poison resistance (worn)
 z - a cursed +0 pair of boots (worn)
 H - a +0 cloak
 I - a cursed +0 pair of gloves (worn)
Jewellery
 a - a ring of protection from fire (right hand)
 e - a cursed amulet of regeneration (around neck)
 o - an uncursed ring of poison resistance
 y - a cursed ring of protection from cold (left hand)
 C - a cursed ring of teleportation
 G - an uncursed ring of ice
Magical devices
 h - a wand of draining (2)
 p - a wand of disintegration (10)
 A - a wand of flame (17)
 B - a wand of frost (28)
 E - a wand of draining (12)
 K - a wand of draining (5)
 M - a wand of invisibility (1)
 O - a wand of draining (7)
 Q - a wand of fire (12)
 U - a wand of draining (8)
 V - a wand of invisibility (5)
Scrolls
 f - 2 scrolls of recharging
 g - a scroll of curse weapon
 m - 4 scrolls of fog
 s - 3 scrolls of identify
 w - a scroll of amnesia
 D - 2 scrolls of magic mapping
 P - 5 scrolls of remove curse
 R - a scroll of holy word {unknown}
Potions
 i - a potion of haste
 k - 5 potions of restore abilities
 n - 2 potions of agility
 t - a potion of invisibility
 u - 3 potions of might
 v - 5 potions of brilliance
 S - a potion of cure mutation
Books
 c - a book of Maledictions

   Spells                             Type                      Level
   a - Corona                         Hexes                        1
   b - Sure Blade                     Hexes/Charms                 2
   c - Ensorcelled Hibernation        Hexes/Ice                    2
   d - Confuse                        Hexes                        3
   e - Dazzling Spray                 Conjuration/Hexes            3
   f - Enslavement                    Hexes                        4
 x - a book of Death

   Spells                             Type                      Level
   a - Corpse Rot                     Necromancy                   2
   b - Sublimation of Blood           Necromancy                   2
   c - Agony                          Necromancy                   5
   d - Dispel Undead                  Necromancy                   5
   e - Excruciating Wounds            Charms/Necromancy            5
   f - Bolt of Draining               Conjuration/Necromancy       5
 F - a book of Hinderance

   Spells                             Type                      Level
   a - Confusing Touch                Hexes                        2
   b - Confuse                        Hexes                        3
   c - Petrify                        Transmutation/Earth          4
   d - Metabolic Englaciation         Hexes/Ice                    5
   e - Gell's Gravitas                Hexes/Translocation          5
   f - Summon Mana Viper              Hexes/Summoning              5
 J - a book of Burglary

   Spells                             Type                      Level
   a - Swiftness                      Charms/Air                   2
   b - Passwall                       Transmutation/Earth          3
   c - Passage of Golubria            Translocation                4
   d - Lee's Rapid Deconstruction     Earth                        5
   e - Invisibility                   Hexes                        6
   f - Darkness                       Hexes                        7
 T - a Necronomicon {highlevel, unknown}

   This book is beyond your current level of understanding.

   Spells                             Type                      Level
   a - Haunt                          Necromancy/Summoning         7
   b - Borgnjor's Revivification      Necromancy                   8
   c - Death's Door                   Charms/Necromancy            8
   d - Necromutation                  Transmutation/Necromancy     8
Comestibles
 d - 10 meat rations
 j - 4 beef jerkies
 L - a royal jelly
 N - a slice of pizza


   Skills:
 - Level 1.3(3.5) Short Blades
 + Level 11.3(13.3) Dodging
 + Level 17.4(19.1) Stealth
 - Level 2.0 Spellcasting
 - Level 8.5(10.8) Hexes
 - Level 2.4(4.3) Ice Magic
 - Level 10.2(12.3) Evocations


You couldn't memorise any spells.
You knew the following spells:

 Your Spells              Type           Power        Failure   Level  Hunger
a - Corona                Hex            ####...      1%          1    ##.....
b - Ensorcelled Hibernat  Hex/Ice        ###...       1%          2    ###....
c - Confuse               Hex            ####....     1%          3    ####...
d - Dazzling Spray        Conj/Hex       ###.....     10%         3    ####...
e - Invisibility          Hex            ####....     54%         6    #######


Dungeon Overview and Level Annotations

Branches:
Dungeon (9/15)             Temple (1/1) D:4            Lair (4/8) D:9
 Spider (0/5) Lair:3
  Swamp: Lair:3-6    Shoals: Lair:3-6       Orc: D:9-12

Altars:
Ashenzari
Cheibriados
Dithmenos
Elyvilon
Fedhas
Gozag
Kikubaaqudgha
Makhleb
Nemelex Xobeh
Okawaru
Qazlal
Ru
Sif Muna
Trog
Vehumet
Xom
Yredelemnul
The Shining One

Shops:
D:8 }*[*

Annotations:
D:3 Grinder


Innate Abilities, Weirdness & Mutations

You are small and have problems with some larger weapons.
You are carnivorous and can eat meat at any time.


Message History

The blink frog is heavily wounded.
The blink frog completely misses you.
The blink frog blinks!
You hit the blink frog.
The blink frog looks even sicker.
The blink frog is moderately wounded.
The blink frog misses you. The blink frog barely misses you.
The blink frog blinks!
The blink frog momentarily phases out as your attack passes through it.
The blink frog is heavily wounded.
The blink frog blinks!
The blink frog misses you. The blink frog hits you!
The blink frog barely misses you.
You hit the blink frog!
The blink frog is almost dead.
The blink frog blinks!
The blink frog hits you! The blink frog completely misses you.
The blink frog blinks!
You hit the blink frog!
The blink frog is poisoned.
The blink frog is moderately wounded.
The blink frog misses you. The blink frog hits you.
* * * LOW HITPOINT WARNING * * *
The blink frog hits you!!
You die...

* ,, ,, , , , , ,
* , , , ,.. , ,...
* * , ..#.####*##
# * , , ,
,,...#P##.##.##, *
,, , ,
##..........., , ,
, #........§....,,
,, , , ,
#...@........, ,
** , , ,, <
*###.FF§......., *
* ** , *
#P..F........ , *
* , ##......F....
* ,, *..#*
##.#........*
Y..#####..##....#P
* * ..#....#..#
#####** ,
...........#### ,
........[.....## #


You could see 4 blink frogs.

Vanquished Creatures
  2 hydras
  Pikel (D:5)
  A necromancer (Lair:3)
  Maurice (D:9)
  A black mamba (Lair:2)
  4 spiny frogs
  3 komodo dragons
  A fire drake (Lair:4)
  A basilisk (Lair:1)
  12 yaks
  7 hippogriffs
  9 wolves
  Edmund (D:5)
  4 water moccasins
  Menkaure (D:6)
  4 porcupines
  8 spiders (Lair:3)
  A slave (D:5)
  A black bear (D:8)
  3 ogres
  A wasp (Lair:1)
  A centaur (D:7)
  4 orc warriors
  2 necrophages (D:7)
  7 crocodiles
  Sigmund (D:3)
  Duvessa (D:5)
  8 giant frogs
  3 wights (D:6)
  Dowan (D:5)
  2 crimson imps
  A centaur zombie (D:8)
  A giant frog zombie (D:8)
  12 hounds
  A jelly (D:9)
  10 orc priests
  A giant frog skeleton (D:5)
  6 iguanas
  Natasha (D:5)
  7 orc wizards
  2 yak simulacra (Lair:3)
  2 polar bear simulacra (Lair:3)
  5 wolf simulacra (Lair:3)
  11 sheep
  2 worker ants
  Ijyb (D:2)
  Jessica (D:3)
  A hound skeleton (D:5)
  A worker ant zombie (D:7)
  18 adders
  26 river rats
  2 shadow imps
  4 giant mites
  2 worms (D:2)
  An orc zombie (D:8)
  An adder skeleton (D:7)
  An adder zombie (D:7)
  5 giant geckos
  2 oozes
  24 orcs
  A bat skeleton (D:5)
  A bat zombie (D:8)
  A giant cockroach (D:2)
  14 goblins
  11 hobgoblins
  A jackal (D:2)
  7 quokkas
  6 bats
  4 giant newts
  A jackal skeleton (D:8)
  9 kobolds
  An orc skeleton (D:8)
  A quokka zombie (D:8)
  15 rats
  2 river rat simulacra (Lair:3)
324 creatures vanquished.

Vanquished Creatures (others)
  A phantom (D:5)
  A crimson imp (D:5)
  2 hounds
  A jelly (D:5)
  An orc wizard (D:6)
  Natasha (D:5)
  A giant gecko (D:5)
  A bat (D:5)
  A kobold (D:5)
  A rat (D:5)
11 creatures vanquished.

Grand Total: 335 creatures vanquished

Notes
Turn   | Place    | Note
--------------------------------------------------------------
     0 | D:1      | Sorcv, the Kobold Enchanter, began the quest for the Orb.
     0 | D:1      | Reached XP level 1. HP: 10/10 MP: 3/3
    86 | D:1      | Reached XP level 2. HP: 15/15 MP: 4/4
    90 | D:1      | Learned a level 2 spell: Ensorcelled Hibernation
   160 | D:1      | Reached skill level 5 in Stealth
   544 | D:2      | Reached XP level 3. HP: 17/19 MP: 6/6
   576 | D:2      | Reached skill level 6 in Stealth
   668 | D:2      | Noticed Ijyb
   674 | D:2      | Killed Ijyb
   674 | D:2      | Reached XP level 4. HP: 18/24 MP: 0/7
   807 | D:2      | Reached skill level 7 in Stealth
  1076 | D:3      | Noticed Jessica
  1084 | D:3      | Killed Jessica
  1084 | D:3      | Reached XP level 5. HP: 28/28 MP: 1/9
  1134 | D:3      | Noticed Grinder
  1153 | D:3      | Learned a level 3 spell: Confuse
  1255 | D:3      | Reached skill level 8 in Stealth
  1317 | D:3      | Noticed Sigmund
  1331 | D:3      | Killed Sigmund
  1331 | D:3      | Reached skill level 1 in Ice Magic
  1331 | D:3      | Reached XP level 6. HP: 26/32 MP: 6/10
  1441 | D:4      | Reached skill level 9 in Stealth
  1717 | D:4      | Reached XP level 7. HP: 30/36 MP: 12/12
  1827 | D:4      | Found a staircase to the Ecumenical Temple.
  1833 | Temple   | Entered the Ecumenical Temple
  1858 | Temple   | Became a worshipper of Ashenzari the Shackled
  1881 | D:5      | Entered Level 5 of the Dungeon
  1969 | D:5      | Noticed Pikel
  2005 | D:5      | Killed Pikel
  2005 | D:5      | Reached skill level 11 in Stealth
  2005 | D:5      | Reached XP level 8. HP: 25/41 MP: 9/13
  2073 | D:5      | Noticed Edmund
  2079 | D:5      | Killed Edmund
  2079 | D:5      | Reached skill level 5 in Hexes
  2287 | D:5      | Noticed Duvessa
  2288 | D:5      | Noticed Dowan
  2295 | D:5      | Killed Duvessa
  2297 | D:5      | Killed Dowan
  2324 | D:5      | Noticed Natasha
  2335 | D:5      | Killed Natasha
  2360 | D:5      | Killed Natasha
  2688 | D:6      | Reached skill level 5 in Dodging
  2765 | D:6      | Reached skill level 12 in Stealth
  2765 | D:6      | Reached XP level 9. HP: 28/45 MP: 2/14
  2910 | D:6      | Found a basalt altar of Yredelemnul.
  3011 | D:6      | Noticed Menkaure
  3013 | D:6      | Killed Menkaure
  3230 | D:7      | Reached skill level 13 in Stealth
  3427 | D:7      | Found a glowing golden altar of the Shining One.
  3692 | D:7      | HP: 1/45 [centaur/arrow (15)]
  3814 | D:7      | Reached XP level 10. HP: 50/50 MP: 1/16
  3972 | D:8      | Found Owkallae's General Store.
  3972 | D:8      | Acquired Ashenzari's first power
  4071 | D:8      | Reached skill level 14 in Stealth
  4096 | D:8      | Found Anku Khu's Gadget Shoppe.
  4149 | D:8      | Found Riegaifi's Antique Armour Shoppe.
  4218 | D:8      | Found Erojedoi's Assorted Antiques.
  4221 | D:8      | Bought a faintly humming chain mail for 237 gold pieces
  4231 | D:8      | Identified the +4 chain mail of True Grit {Int+3 Dex+3 Stlth+} (You bought it in a shop on level 8 of the Dungeon)
  4543 | D:9      | Noticed Maurice
  4549 | D:9      | Killed Maurice
  4583 | D:9      | Reached skill level 15 in Stealth
  4645 | D:9      | Found a staircase to the Lair.
  4656 | Lair:1   | Entered Level 1 of the Lair of Beasts
  4815 | Lair:1   | Reached XP level 11. HP: 54/54 MP: 14/17
  4861 | Lair:1   | Reached skill level 16 in Stealth
  4904 | Lair:1   | Learned a level 3 spell: Dazzling Spray
  4911 | Lair:1   | Noticed a spiny frog
  4913 | Lair:1   | Noticed a spiny frog
  4924 | Lair:1   | Killed a spiny frog
  4926 | Lair:1   | Killed a spiny frog
  4967 | Lair:1   | Reached skill level 1 in Evocations
  5150 | Lair:1   | Reached skill level 5 in Evocations
  5164 | Lair:1   | Noticed a spiny frog
  5169 | Lair:1   | Killed a spiny frog
  5335 | Lair:1   | Reached skill level 10 in Dodging
  5376 | Lair:1   | Acquired Ashenzari's second power
  5650 | Lair:2   | Identified the +1 robe of Elitism {rElec rC+ MP-9}
  5845 | Lair:2   | Reached XP level 12. HP: 50/59 MP: 24/24
  6067 | Lair:2   | Noticed a seven-headed hydra
  6075 | Lair:2   | Killed a seven-headed hydra
  6075 | Lair:2   | Reached skill level 10 in Evocations
  6153 | Lair:3   | Noticed a four-headed hydra
  6159 | Lair:3   | Killed a four-headed hydra
  6184 | Lair:3   | Acquired Ashenzari's third power
  6283 | Lair:3   | Found a hole to the Spider Nest.
  6388 | Lair:3   | Reached skill level 17 in Stealth
  6727 | Lair:4   | Learned a level 6 spell: Invisibility
  6993 | Lair:4   | Slain by a blink frog

Action                   |  1- 3 |  4- 6 |  7- 9 | 10-12 || total
-------------------------+-------+-------+-------+-------++-------
Melee: Dagger            |    86 |    57 |       |       ||   143
       Short sword       |       |    32 |   205 |   568 ||   805
 Cast: Ensorcelled Hiber |     3 |     5 |    25 |    42 ||    75
       Confuse           |       |     1 |    17 |     3 ||    21
       Corona            |       |       |       |     2 ||     2
  Use: Potion            |       |       |     6 |     5 ||    11
       Scroll            |       |       |     3 |    21 ||    24
 Stab: Sleeping          |     7 |     9 |    30 |    74 ||   120
       Confused          |       |     1 |     4 |     2 ||     7
       Distracted        |       |     1 |     1 |     2 ||     4
  Eat: Chunk             |     2 |     3 |    18 |    14 ||    37
